 Dungeon Sprint DCSS version 0.22-a0-433-gd2a9cce (webtiles) character file.

127 jerryfan the Protected (level 5, 3/48 HPs)
             Began as a Gnoll Wanderer on May 27, 2018.
             Got out of the dungeon alive.
             The game lasted 00:04:57 (450 turns).

jerryfan the Protected (Gnoll Wanderer)              Turns: 450, Time: 00:04:57

Health: 3/48       AC: 11    Str: 17      XL:     5   Next: 11%
Magic:  9/9        EV:  9    Int: 13      God:
Gold:   18         SH:  0    Dex: 12 (14) Spells: 10/10 levels left

rFire    . . .     SeeInvis .   n - +0 dagger
rCold    . . .     Gourm    .   (no shield)
rNeg     . . .     Faith    .   o - +0 chain mail
rPois    .         Spirit   .   (no helmet)
rElec    .         Reflect  .   (no cloak)
rCorr    .         Harm     .   (no gloves)
MR       .....     NoTele   +   (no boots)
Stlth    ..........             (no amulet)
HPRegen  0.16/turn              (no ring)
MPRegen  0.11/turn              (no ring)

@: no status effects
A: distributed training, fangs 1, deterioration 1, wild magic 1, sturdy frame 1,
strong nose
a: no special abilities


You escaped.
You were not hungry.

You visited 1 branch You collected 18 gold pieces.

Inventory:

Hand Weapons
 b - a +0 hand axe
 d - a +0 blowgun
 n - a +0 dagger (weapon)
Missiles
 c - 5 poisoned needles
 l - 18 stones (quivered)
Armour
 a - a +2 scale mail
 o - a +0 chain mail (worn)
Scrolls
 k - 2 scrolls of blinking
 q - 2 scrolls of torment {unknown}
 r - a scroll of enchant weapon {unknown}
 s - 2 scrolls of remove curse
 u - 2 scrolls of identify
Potions
 i - 2 potions of magic
 p - 4 potions of mutation
 t - 3 potions of flight
Comestibles
 f - 3 rations


   Skills:
 + Level 7.3 Fighting
 + Level 3.1 Short Blades
 + Level 3.1 Long Blades
 + Level 3.1 Axes
 + Level 4.1 Maces & Flails
 + Level 3.1 Polearms
 + Level 3.1 Staves
 + Level 3.1 Slings
 + Level 3.1 Bows
 + Level 3.1 Crossbows
 + Level 5.6 Throwing
 + Level 9.1 Armour
 + Level 3.1 Dodging
 + Level 3.1 Stealth
 + Level 3.1 Shields
 + Level 3.1 Unarmed Combat
 + Level 3.1 Spellcasting
 + Level 2.5 Conjurations
 + Level 2.5 Hexes
 + Level 2.5 Charms
 + Level 2.5 Summonings
 + Level 2.5 Necromancy
 + Level 2.5 Translocations
 + Level 2.5 Transmutations
 + Level 2.5 Fire Magic
 + Level 2.5 Ice Magic
 + Level 2.5 Air Magic
 + Level 2.5 Earth Magic
 + Level 2.5 Poison Magic
 + Level 3.5 Invocations
 + Level 3.1 Evocations


You had 10 spell levels left.
You didn't know any spells.
Your spell library was empty.

Dungeon Overview and Level Annotations

Branches:
Dungeon (1/1)

Altars:
Okawaru
Trog
Uskayaw
Wu Jian
Beogh


Innate Abilities, Weirdness & Mutations

Your experience applies equally to all skills.
You have very sharp teeth.
Your uncanny sense of smell can sniff out nearby items.
Your body sometimes deteriorates upon taking damage.
Your spells are a little harder to cast, but a little more powerful.
Your movements are slightly less encumbered by armour. (ER -2)


Message History

The human is severely wounded.
The human hits you but does no damage.
You hit the human.
The human is almost dead.
The human barely misses you.
You closely miss the human.
The human is almost dead.
You hit the human.
The human is almost dead.
The human hits you with a hand axe.
* * * LOW HITPOINT WARNING * * *
You closely miss the human.
The human is almost dead.
The human barely misses you. The human hits you but does no damage.
The human hits you but does no damage. The human hits you with a hand axe.
* * * LOW HITPOINT WARNING * * *
There is a staircase leading out of the dungeon here.
Are you sure you want to leave the Dungeon?
This will make you lose the game! The human closely misses you. x2
You have escaped!

▓▓▓▓▓▓▓▓▓▓▓▓▓ ▓▓
▓@.#..'...♣.♣ ♣.
▓pp#..#....♣♣ ♣♣.
▓#'####....♣♣ ♣..
▓.....#....≈♣♣♣♣..
▓.....#...≈≈♣♣....
▓.....#..≈≈≈≈.♣.♣.
▓####'#..≈≈≈≈≈≈...
▓....[#.≈≈≈≈≈≈....
▓.....#.≈≈≈≈≈.....


You could see 2 humans.

Vanquished Creatures
  A water elemental (D)
  Jessica (D)
  A human (D)
  A wolf (D)
  2 oozes (D)
  A rat (D)
7 creatures vanquished.

Vanquished Creatures (others)
  2 draconian scorchers (D)
  6 hellions (D)
  2 yaktaurs (D)
  2 plants (D)
12 creatures vanquished.

Grand Total: 19 creatures vanquished

Notes
Turn   | Place    | Note
-------+----------+-------------------------------------------
     0 | D        | jerryfan the Gnoll Wanderer began the quest for the Orb.
     0 | D        | jerryfan set off with: a +2 scale mail, a +0 hand axe, 12 poisoned needles, a +0 blowgun, a potion of curing, a ration, a potion of heal wounds, a potion of haste, 2 potions of magic, a potion of berserk rage, a scroll of blinking
     0 | D        | Reached XP level 1. HP: 23/23 MP: 1/1
     9 | D        | Reached skill level 1 in Invocations
    16 | D        | Reached skill level 1 in Short Blades
    16 | D        | Reached skill level 1 in Long Blades
    16 | D        | Reached skill level 1 in Axes
    16 | D        | Reached skill level 1 in Polearms
    16 | D        | Reached skill level 1 in Staves
    16 | D        | Reached skill level 1 in Slings
    16 | D        | Reached skill level 1 in Bows
    16 | D        | Reached skill level 1 in Crossbows
    16 | D        | Reached skill level 1 in Dodging
    16 | D        | Reached skill level 1 in Stealth
    16 | D        | Reached skill level 1 in Shields
    16 | D        | Reached skill level 1 in Unarmed Combat
    16 | D        | Reached skill level 1 in Spellcasting
    16 | D        | Reached skill level 1 in Evocations
    16 | D        | Reached XP level 2. HP: 29/29 MP: 1/3
    26 | D        | Reached skill level 1 in Conjurations
    26 | D        | Reached skill level 1 in Hexes
    26 | D        | Reached skill level 1 in Charms
    26 | D        | Reached skill level 1 in Summonings
    26 | D        | Reached skill level 1 in Necromancy
    26 | D        | Reached skill level 1 in Translocations
    26 | D        | Reached skill level 1 in Transmutations
    26 | D        | Reached skill level 1 in Fire Magic
    26 | D        | Reached skill level 1 in Ice Magic
    26 | D        | Reached skill level 1 in Air Magic
    26 | D        | Reached skill level 1 in Earth Magic
    26 | D        | Reached skill level 1 in Poison Magic
    29 | D        | Noticed Jessica
    37 | D        | Killed Jessica
    37 | D        | Reached skill level 5 in Throwing
    37 | D        | Reached XP level 3. HP: 35/35 MP: 3/6
   118 | D        | Killed a yaktaur
   132 | D        | Killed a hellion
   132 | D        | Killed a hellion
   133 | D        | Killed a hellion
   134 | D        | Killed a hellion
   141 | D        | Killed a hellion
   152 | D        | Killed a hellion
   189 | D        | Reached XP level 4. HP: 43/43 MP: 7/7
   225 | D        | Killed a white draconian scorcher
   239 | D        | Killed a white draconian scorcher
   246 | D        | Gained mutation: Your body sometimes deteriorates upon taking damage. [potion of mutation]
   246 | D        | Gained mutation: Your spells are a little harder to cast, but a little more powerful. [potion of mutation]
   246 | D        | Gained mutation: Your movements are slightly less encumbered by armour. (ER -2) [potion of mutation]
   298 | D        | Noticed a water elemental
   318 | D        | Killed a water elemental
   318 | D        | Reached skill level 9 in Armour
   318 | D        | Reached XP level 5. HP: 45/48 MP: 7/9
   343 | D        | Killed a yaktaur
   364 | D        | Found a hide-covered altar of Uskayaw.
   364 | D        | Found a roughly hewn altar of Beogh.
   364 | D        | Found an iron altar of Okawaru.
   364 | D        | Found a bloodstained altar of Trog.
   364 | D        | Found an ornate altar of the Wu Jian Council.
   364 | D        | Noticed a human
   365 | D        | Noticed a human
   450 | D        | Got out of the dungeon alive.

Vault maps used:
D:        dungeon_sprint_mu

Skill      XL: |  1  2  3  4 |
---------------+-------------+-----
Invocations    | 1 2 3 |  3.5
Short Blades   | 1 2 3 |  3.1
Long Blades    | 1 2 3 |  3.1
Axes           | 1 2 3 |  3.1
Polearms       | 1 2 3 |  3.1
Staves         | 1 2 3 |  3.1
Slings         | 1 2 3 |  3.1
Bows           | 1 2 3 |  3.1
Crossbows      | 1 2 3 |  3.1
Dodging        | 1 2 3 |  3.1
Stealth        | 1 2 3 |  3.1
Shields        | 1 2 3 |  3.1
Unarmed Combat | 1 2 3 |  3.1
Spellcasting   | 1 2 3 |  3.1
Evocations     | 1 2 3 |  3.1
Conjurations   | 1 2 |  2.5
Hexes          | 1 2 |  2.5
Charms         | 1 2 |  2.5
Summonings     | 1 2 |  2.5
Necromancy     | 1 2 |  2.5
Translocations | 1 2 |  2.5
Transmutations | 1 2 |  2.5
Fire Magic     | 1 2 |  2.5
Ice Magic      | 1 2 |  2.5
Air Magic      | 1 2 |  2.5
Earth Magic    | 1 2 |  2.5
Poison Magic   | 1 2 |  2.5
Maces & Flails | 3 4 |  4.1
Throwing       | 5 |  5.6
Fighting       | 7 |  7.3
Armour         | 9 |  9.1

Action                   |  1- 3 |  4- 6 || total
-------------------------+-------+-------++-------
Melee: Hand axe          |    19 |     7 ||    26
       Bite              |     3 |     6 ||     9
       Dagger            |       |    40 ||    40
 Fire: Blowgun           |     9 |     6 ||    15
Throw: Stone             |       |     2 ||     2
  Use: Potion            |       |     5 ||     5
Armor: Scale mail        |     6 |       ||     6
       Chain mail        |     1 |    11 ||    12
Dodge: Dodged            |     9 |    19 ||    28

Table legend:
 A = Spawn XP
 B = Non-spawn XP
 C = Spawn XP percentage of total XP
 D = Spawn monster count
 E = Non-spawn monster count
 F = Spawn count percentage of total count
 G = Total turns spent on level
                    A         B        C        D         E        F      G
               +---------+---------+-------+---------+---------+-------+---------
         Total |       0 |     182 |   0.0 |       0 |       7 |   0.0 |   450
               +---------+---------+-------+---------+---------+-------+---------
             D |       0 |     182 |   0.0 |       0 |       7 |   0.0 |   450
               +---------+---------+-------+---------+---------+-------+---------
